 Dungeon Crawl Stone Soup version 0.31-a0-198-g2ad674f65e (webtiles) character file.

Game seed: 17724044012363411552

51 qw the Shooter (level 3, 0/20 HPs)
             Began as a Deep Elf Hunter on June 25, 2023.
             Slain by an orc
             ... wielding a +0 club
              (1 damage)
             ... on level 2 of the Dungeon.
             The game lasted 00:00:21 (1153 turns).

qw the Shooter (Deep Elf Hunter)                    Turns: 1153, Time: 00:00:22

Health: 0/20       AC:  5    Str: 10    XL:     3   Next: 57%
Magic:  5/5        EV: 11    Int: 13    God:
Gold:   2          SH:  0    Dex: 18    Spells: 2/2 levels left

rFire   . . .        Y - +0 shortbow
rCold   . . .        (shield currently unavailable)
rNeg    . . .        f - +0 ring mail
rPois   .            (no helmet)
rElec   .            (no cloak)
rCorr   .            (no gloves)
SInv    .            (no boots)
Will    .....        (no amulet)
Stlth   +            (no ring)
HPRegen 0.23/turn    (no ring)
MPRegen 0.09/turn

%: no passive effects
@: no status effects
A: no striking features
a: no special abilities


You were on level 2 of the Dungeon.
You visited 1 branch of the dungeon, and saw 2 of its levels.

You collected 2 gold pieces.


   Skills:
 - Level 1.5 Fighting
 + Level 7.1 Ranged Weapons
 - Level 2.4 Dodging
 - Level 1.2 Stealth


You had 2 spell levels left.
You didn't know any spells.
Your spell library was empty.

Inventory:

Hand Weapons
 Y - a +0 shortbow (weapon)
Armour
 f - a +0 ring mail (worn)

Dungeon Overview and Level Annotations

Branches:
Dungeon (2/15)

Altars:


Message History

You hear a shout!
You shoot an arrow. The arrow hits the orc!
You kill the orc!
Your Ranged Weapons skill increases to level 7!
You shoot an arrow. The arrow hits the orc.
You kill the orc!
A giant cockroach comes into view.
An orc comes into view. It is wielding a +0 mace.
You shoot an arrow.
The arrow closely misses the giant cockroach.
You shoot an arrow.
The arrow hits the giant cockroach but does no damage.
An orc priest comes into view. It is wielding a +0 hand axe.
An orc comes into view. It is wielding a +0 club.
You shoot an arrow. The orc shouts!
The arrow hits the giant cockroach.
You kill the giant cockroach!
You shoot an arrow.
The arrow hits the orc but does no damage.
You shoot an arrow.
The arrow hits the orc but does no damage.
The orc priest mumbles some strange prayers to Beogh against you.
Beogh smites you!
Ouch! That really hurt!
You shoot an arrow. The arrow hits the orc.
The orc is moderately wounded.
The orc closely misses you.
You shoot an arrow. The arrow hits the orc!
You kill the orc!
An endoplasm comes into view.
You shoot an arrow. The arrow hits the orc.
The orc is lightly wounded.
The orc misses you.
You shoot an arrow. The arrow barely misses the orc.
The endoplasm closely misses you.
The orc priest mumbles some strange prayers to Beogh against you.
Beogh smites you! The orc hits you but does no damage.
The orc hits you with a +0 club.
You die...

...........
..#.....#.#
..........# #
.....#...:
...........# .
#.
...%...###...
#. #>..o)...#
#).##.#@o#
#.....J..#
#####.######
#.......#
###..####.#
####....####.
#.............
#.##...#####.#
##..##......


You could see an orc priest, an orc and an endoplasm.

Vanquished Creatures
  A gnoll (D:1)
  3 orcs (D:2)
  5 endoplasms (D:1)
  4 giant cockroaches
  A goblin (D:1)
  2 hobgoblins (D:1)
  2 jackals (D:1)
  3 quokkas
  2 ball pythons (D:1)
  2 bats (D:1)
  2 frilled lizards
  3 kobolds (D:1)
  6 rats (D:1)
36 creatures vanquished.

Notes
Turn   | Place    | Note
-------+----------+-------------------------------------------
     0 | D:1      | qw the Deep Elf Hunter began the quest for the Orb.
     0 | D:1      | Reached XP level 1. HP: 12/12 MP: 3/3
     0 | D:1      | 0 ||| qw: Version: 0.3-a-22-g0ed2b0b
     0 | D:1      | 0 ||| qw: Game counter: 4996
     0 | D:1      | 0 ||| qw: Melee chars always use a shield: true
     0 | D:1      | 0 ||| qw: God list: Okawaru
     0 | D:1      | 0 ||| qw: Allow faded altars: false
     0 | D:1      | 0 ||| qw: Do Orc after clearing Dungeon:15 true
     0 | D:1      | 0 ||| qw: Do second Lair branch before Depths: true
     0 | D:1      | 0 ||| qw: Lair rune preference: random
     0 | D:1      | 0 ||| qw: Goals: Normal
     0 | D:1      | 0 ||| PLANNING D:1-11
   115 | D:1      | Reached skill level 6 in Ranged Weapons
   115 | D:1      | Reached XP level 2. HP: 16/16 MP: 4/4
   411 | D:1      | Reached XP level 3. HP: 20/20 MP: 5/5
   851 | D:1      | Found a faded altar of an unknown god.
  1023 | D:1      | 1023 ||| UPGRADING to +0 scale mail.
  1033 | D:1      | 1033 ||| DROPPING +0 leather armour.
  1034 | D:1      | 1034 ||| UPGRADING to +0 ring mail.
  1044 | D:1      | 1044 ||| DROPPING +0 scale mail.
  1045 | D:1      | 1045 ||| READING scroll labelled IFOMPI LYWIHO.
  1046 | D:1      | 1046 ||| READING scroll labelled POGYTO KONEMM.
  1047 | D:1      | 1047 ||| DROPPING scroll of butterflies.
  1143 | D:2      | Reached skill level 7 in Ranged Weapons
  1153 | D:2      | HP: 1/20 [orc priest/divine providence (9)]
  1153 | D:2      | Slain by an orc

Levels and vault maps discovered:
D:1:      dpeg_arrival_fog, layout_loops_corners, nicolae_ecumenical_lake_church
D:2:      layout_loops_cross, st_stairs_6, minmay_quadrilaterals

Skill      XL: |  1  2  3 |
---------------+----------+-----
Ranged Weapons | 6 7 |  7.1
Fighting       | |  1.5
Dodging        | |  2.4
Stealth        | |  1.2

Action                     || total
---------------------------++-------
   Fire: Shortbow          ||    87
    Use: Scroll            ||     2
 Armour: Leather armour    ||     8
         Ring mail         ||     1
  Dodge: Dodged            ||    19

Table legend:
 A = Non-vault XP
 B = Vault XP
 C = Vault XP percentage of total XP
 D = Non-vault monster count
 E = Vault monster count
 F = Vault count percentage of total count
                 A         B        C        D         E       F
            +---------+---------+-------+---------+---------+-------
      Total |      71 |       2 |   2.7 |      35 |       1 |   2.8
            +---------+---------+-------+---------+---------+-------
        D:1 |      59 |       0 |   0.0 |      30 |       0 |   0.0
        D:2 |      12 |       2 |  14.3 |       5 |       1 |  16.7
            +---------+---------+-------+---------+---------+-------
